 Dungeon Crawl Stone Soup version 0.21-a0-552-g593960d (webtiles) character file.

254 EazyBreezy the Grave Robber (level 5, -4/37 HPs)
             Began as a Demonspawn Necromancer on Dec 17, 2017.
             Killed from afar by Blork the orc (6 damage)
             ... with a magic dart
             ... on level 4 of the Dungeon.
             The game lasted 00:14:19 (4487 turns).

EazyBreezy the Grave Robber (DsNe)                  Turns: 4487, Time: 00:14:19

Health: -4/37      AC:  6    Str:  8    XL:     5   Next: 90%
Magic:  1/9        EV: 12    Int: 17    God:
Gold:   169        SH:  0    Dex: 14    Spells: 2/11 levels left

rFire    . . .     SeeInvis .   g - -1 spear (curse)
rCold    . . .     Gourm    .   (no shield)
rNeg     . . .     Faith    .   k - +0 leather armour (curse)
rPois    .         Spirit   .   f - +2 helmet
rElec    .         Reflect  .   (no cloak)
rCorr    .         Harm     .   (no gloves)
MR       .....     Clarity  +   (no boots)
Stlth    ++........             (no amulet)
HPRegen  1.12/turn              (no ring)
MPRegen  0.11/turn              (no ring)

@: regenerating
A: talons 2, clarity, low mp 1, spiny 1
a: no special abilities


You were on level 4 of the Dungeon.
You were not hungry.

You visited 1 branch of the dungeon, and saw 4 of its levels.

You collected 169 gold pieces.

Inventory:

Hand Weapons
 a - the +9 flail of Dullness {flame, +Inv rPois rF++ Dex-5, unknown}
   (You found it on level 4 of the Dungeon)

   It has been specially enchanted to burn those struck by it, causing extra
   injury to most foes and up to half again as much damage against particularly
   susceptible opponents.
   It affects your dexterity (-5).
   It greatly protects you from fire.
   It protects you from poison.
   It lets you turn invisible.
 g - a cursed -1 spear (weapon)
 j - a +1 mace
 n - a +0 flail of draining
Armour
 f - a +2 helmet (worn)
 k - a cursed +0 leather armour (worn)
Wands
 c - a wand of acid (3)
Scrolls
 e - 2 scrolls of identify
Potions
 h - 2 potions of curing
 m - a potion of resistance
 o - a potion of cancellation {unknown}
Books
 b - a book of Necromancy

   Spells                             Type                      Level
   a - Pain                           Necromancy                   1
   b - Animate Skeleton               Necromancy                   1
   c - Vampiric Draining              Necromancy                   3
   d - Regeneration                   Charms/Necromancy            3
   e - Animate Dead                   Necromancy                   4
   f - Control Undead                 Necromancy                   4
Comestibles
 d - 2 bread rations
 l - 5 fruits


   Skills:
 * Level 1.2 Fighting
 * Level 0.7 Maces & Flails
 * Level 1.1 Armour
 * Level 2.2 Dodging
 * Level 2.2 Stealth
 - Level 0.1 Unarmed Combat
 * Level 3.5 Spellcasting
 * Level 5.8 Necromancy


You had 2 spell levels left.
You knew the following spells:

 Your Spells              Type           Power        Failure   Level  Hunger
a - Pain                  Necr           ###.         1%          1    None
b - Animate Skeleton      Necr           N/A          1%          1    None
c - Regeneration          Chrm/Necr      ##........   21%         3    ###....
d - Animate Dead          Necr           N/A          21%         4    ####...


Dungeon Overview and Level Annotations

Branches:
Dungeon (4/15)
 Temple: D:4-7

Altars:
Fedhas

Shops:
D:4 =

Annotations:
D:2 Sigmund
D:4 Blork the orc, Grinder


Innate Abilities, Weirdness & Mutations

You have razor-sharp toenails.
You are partially covered in sharp spines.
You possess an exceptional clarity of mind.
Your magical capacity is low. (-10% MP)


Message History

Blork the orc gestures wildly while chanting.
Blork the orc flickers and vanishes!
Deactivating autopickup; reactivate with Ctrl-A.
Casting: Pain
Confirm with . or Enter, or press ? or * to list all spells.
Your skin crawls.
You hear a zap.
A puff of flame appears from out of thin air!
The puff of flame hits your goblin zombie.
Your goblin zombie is destroyed!
Attack whom?
Press: ? - help, Dir - move target cursor, f - you
Okay, then.
Something hits you!
* * * LOW HITPOINT WARNING * * *
You closely miss something.
You hear some strange, mumbled words.
A magic dart appears from out of thin air!
The magic dart hits you!
You die...

###..#[..#.......
.....#...#......#
.))..)...#.....
###..##'##....##
([#...#..#.....
).#...#..#....### #
..'...####......# #.
####..P..P......###≈###.
#..'............@{......
#..#..#'##.....Z........
####..#..#..####....##.#
#..#..#..#..## ######
#).'..####...#
####.........#
.............#
.............#
.##..####..###


You could see a friendly orc zombie.

Vanquished Creatures
  A hound (D:3)
  Jessica (D:2)
  Terence (D:3)
  A worker ant (D:4)
  Robin (D:2)
  A worker ant zombie (D:2)
  An adder (D:3)
  An ooze (D:2)
  An adder skeleton (D:4)
  3 worms
  3 dart slugs
  2 leopard geckos
  4 orcs (D:4)
  5 giant cockroaches
  18 goblins
  10 hobgoblins
  4 jackals (D:3)
  7 kobolds
  2 quokkas
  2 ball pythons
  6 bats
  5 frilled lizards
  7 rats
87 creatures vanquished.

Vanquished Creatures (collateral kills)
  A bat (D:1)
  A giant cockroach (D:3)
  A hobgoblin (D:2)
  A frilled lizard (D:1)
4 creatures vanquished.

Grand Total: 91 creatures vanquished

Notes
Turn   | Place    | Note
-------+----------+-------------------------------------------
     0 | D:1      | EazyBreezy the Demonspawn Necromancer began the quest for the Orb.
     0 | D:1      | Reached XP level 1. HP: 13/13 MP: 3/3
    13 | D:1      | Learned a level 1 spell: Animate Skeleton
   313 | D:1      | Gained mutation: You have sharp toenails. [demonic ancestry]
   313 | D:1      | Reached XP level 2. HP: 19/19 MP: 3/5
  1403 | D:2      | Reached skill level 5 in Necromancy
  1403 | D:2      | Reached XP level 3. HP: 11/24 MP: 2/6
  1567 | D:2      | Learned a level 3 spell: Regeneration
  1611 | D:2      | Noticed Jessica
  1614 | D:2      | Killed Jessica
  1762 | D:2      | Gained mutation: You are partially covered in sharp spines. [demonic ancestry]
  1762 | D:2      | Reached XP level 4. HP: 19/31 MP: 3/8
  1933 | D:2      | Noticed Robin
  1955 | D:2      | Killed Robin
  2198 | D:2      | Noticed Sigmund
  2811 | D:2      | Learned a level 4 spell: Animate Dead
  2831 | D:3      | Gained mutation: You have razor-sharp toenails. [demonic ancestry]
  2831 | D:3      | Reached XP level 5. HP: 30/36 MP: 5/9
  2846 | D:3      | Reached skill level 1 in Fighting
  2925 | D:3      | Noticed Terence
  2932 | D:3      | Killed Terence
  2932 | D:3      | Reached skill level 1 in Armour
  3467 | D:3      | Found a faded altar of an unknown god.
  3841 | D:3      | Gained mutation: Your magical capacity is low. (-10% MP) [potion of mutation]
  3841 | D:3      | Gained mutation: You possess an exceptional clarity of mind. [potion of mutation]
  3846 | D:4      | Noticed Grinder
  3874 | D:4      | Paralysed by Grinder for 3 turns
  3885 | D:4      | Found Xestuc's Jewellery Shoppe.
  4110 | D:4      | Found a blossoming altar of Fedhas.
  4445 | D:4      | Got a shimmering flail
  4475 | D:4      | Noticed Blork the orc
  4486 | D:4      | HP: 1/37 [something (12)]
  4487 | D:4      | Killed from afar by Blork the orc

Vault maps used:
D:1:      dpeg_arrival_simpleton_c, st_stairs_6
D:2:      first_bread, uniq_robin, uniq_sigmund, uniq_jessica
D:3:      chequers_ecumenical_altar_simple, uniq_terence
D:4:      corexii_shack_village, cheibrodos_sewer_entry_drain, serial_shops,
          shop, grunt_decor_cap, kennysheep_nub, fedhas_altar_2, uniq_natasha,
          uniq_blork_the_orc, uniq_grinder

Skill      XL: |  1  2  3  4  5 |
---------------+----------------+-----
Necromancy     | 5 |  5.8
Stealth        | 2 |  2.2
Dodging        | 2 |  2.2
Spellcasting   | 3 |  3.5
Fighting       | 1 |  1.2
Armour         | 1 |  1.1
Maces & Flails | |  0.7
Unarmed Combat | |  0.1

Action                   |  1- 3 |  4- 6 || total
-------------------------+-------+-------++-------
Melee: Unarmed           |     5 |       ||     5
       Mace              |     7 |    18 ||    25
       Kick              |     1 |     9 ||    10
       Spear             |       |    28 ||    28
 Cast: Pain              |    57 |    96 ||   153
       Animate Skeleton  |    13 |    15 ||    28
       Regeneration      |       |     6 ||     6
       Animate Dead      |       |     3 ||     3
  Use: Scroll            |     6 |     2 ||     8
       Potion            |       |     1 ||     1
  Eat: Bread ration      |     1 |     1 ||     2
       Chunk             |     1 |     1 ||     2
       Meat ration       |       |     1 ||     1
Armor: Robe              |     3 |    12 ||    15
Dodge: Dodged            |    12 |    41 ||    53

Table legend:
 A = Spawn XP
 B = Non-spawn XP
 C = Spawn XP percentage of total XP
 D = Spawn monster count
 E = Non-spawn monster count
 F = Spawn count percentage of total count
 G = Total turns spent on level
                    A         B        C        D         E        F      G
               +---------+---------+-------+---------+---------+-------+---------
         Total |       0 |     363 |   0.0 |       0 |      91 |   0.0 |  4487
               +---------+---------+-------+---------+---------+-------+---------
           D:1 |       0 |      37 |   0.0 |       0 |      21 |   0.0 |  1590
           D:2 |       0 |     140 |   0.0 |       0 |      37 |   0.0 |  1231
           D:3 |       0 |     116 |   0.0 |       0 |      18 |   0.0 |  1140
           D:4 |       0 |      70 |   0.0 |       0 |      15 |   0.0 |   526
               +---------+---------+-------+---------+---------+-------+---------
